 Dungeon Crawl Stone Soup version 0.29.1-13-g9f3cf754e1 (webtiles) character file.

Game seed: 11005760845147438787

150 theswoord the Twirler (level 5, 0/38 HPs)
             Began as a Demonspawn Gladiator on Jan 22, 2023.
             Slain by a gnoll sergeant
             ... wielding a +0 trident
              (10 damage)
             ... on level 3 of the Dungeon.
             The game lasted 00:04:30 (2339 turns).

theswoord the Twirler (Demonspawn Gladiator)        Turns: 2339, Time: 00:04:31

Health: 0/38       AC:  8    Str: 16    XL:     5   Next: 10%
Magic:  5/5        EV: 11    Int:  9    God:
Gold:   82         SH:  4    Dex: 15    Spells: 4/4 levels left

rFire   . . .      SeeInvis .   a - +1 quarterstaff
rCold   + . .      Faith    .   (shield currently unavailable)
rNeg    . . .      Spirit   .   i - +1 ring mail {rC+}
rPois   .          Reflect  .   c - +0 helmet
rElec   .          Harm     .   (no cloak)
rCorr   .          Rampage  .   (no gloves)
Will    +....      Rage     3%  m - +0 pair of boots
Stlth   +.........              (no amulet)
HPRegen 0.12/turn               (no ring)
MPRegen 0.09/turn               (no ring)

@: no status effects
A: large bone plates 1, ignite blood 1, demonic touch 1, berserk 1,
strong-willed 1, sense surroundings 1
a: no special abilities


You were on level 3 of the Dungeon.
You visited 1 branch of the dungeon, and saw 3 of its levels.

You collected 82 gold pieces.

Inventory:

Hand Weapons
 a - a +1 quarterstaff (weapon)
Missiles
 d - 3 throwing nets (quivered)
 e - a javelin
Armour
 b - a +0 leather armour
 c - a +0 helmet (worn)
 i - a +1 ring mail of cold resistance (worn)
 m - a +0 pair of boots (worn)
 o - a +0 scale mail
Jewellery
 f - a ring of positive energy
 j - a ring of ice
Scrolls
 g - a scroll of noise {unknown}
Potions
 h - a potion of resistance {unknown}
 k - a potion of attraction
 l - 2 potions of curing


   Skills:
 - Level 2.0 Fighting
 + Level 5.3 Staves
 - Level 1.7 Throwing
 - Level 2.6 Dodging


You had 4 spell levels left.
You didn't know any spells.
Your spell library was empty.

Dungeon Overview and Level Annotations

Branches:
Dungeon (3/15)

Altars:

Annotations:
D:3 Sigmund


Innate Abilities, Weirdness & Mutations

You are partially covered in large bone plates. (SH +4)
Your demonic aura sometimes causes spilled blood to erupt in flames.
Your touch may inflict minor irresistible damage on your foes.
You sometimes lose your temper in combat.
You are strong-willed. (Will+)
You passively map a small area around you.


Message History

A gnoll sergeant is nearby!
You enter the shallow water.
Moving in this stuff is going to be slow.
The gnoll sergeant closely misses you.
The gnoll sergeant hits you with a +0 trident.
You barely miss the gnoll sergeant. You block the gnoll sergeant's attack.
You hit the gnoll sergeant.
The gnoll sergeant is lightly wounded.
The gnoll sergeant hits you with a +0 trident.
You barely miss the gnoll sergeant.
The gnoll sergeant is lightly wounded.
You block the gnoll sergeant's attack.
You hit the gnoll sergeant.
The gnoll sergeant is lightly wounded.
The gnoll sergeant closely misses you.
You hit the gnoll sergeant but do no damage.
The gnoll sergeant is lightly wounded.
The gnoll sergeant hits you with a +0 trident.
You barely miss the gnoll sergeant.
The gnoll sergeant is lightly wounded.
The gnoll sergeant hits you with a +0 trident!
* * * LOW HITPOINT WARNING * * *
You hit the gnoll sergeant.
The gnoll sergeant is moderately wounded.
You block the gnoll sergeant's attack.
You barely miss the gnoll sergeant.
The gnoll sergeant is moderately wounded.
The gnoll sergeant hits you with a +0 trident.
* * * LOW HITPOINT WARNING * * *
You barely miss the gnoll sergeant.
The gnoll sergeant is moderately wounded.
The gnoll sergeant closely misses you.
You hit the gnoll sergeant.
The gnoll sergeant is moderately wounded.
The gnoll sergeant hits you with a +0 trident.
* * * LOW HITPOINT WARNING * * *
You barely miss the gnoll sergeant.
The gnoll sergeant is moderately wounded.
The gnoll sergeant hits you with a +0 trident!
You die...

#** #.## *,*** .,*
#..## *,# #.* #...####
*.# *.# #...♣..♣##.#
*,# **#♣..P.~....P#
,,* *#....~~♣~~...♣#
*** *#P..♣.♣~~~~♣.P.#
*....~♣~~~~.....#
*..P.~~~♣~~@.♣#.#
*.....♣~~♣g..#*.#
**.##.......##*,#
*,*#####.### *,*
*.#####..## *,*
*****.>.......#***,*
***8,**########.#,,,,*
,,*,,* ###@#,,,,*
,,*,,* #<..#,,,**


You could see a gnoll sergeant.

Vanquished Creatures
  Terence (D:3)
  5 gnolls (D:3)
  2 adders (D:2)
  2 dart slugs (D:1)
  3 ball pythons
  5 bats
  7 endoplasms
  2 goblins
  11 jackals
  4 quokkas
  6 kobolds
  4 rats
52 creatures vanquished.

Vanquished Creatures (others)
  7 plants (D:3)
7 creatures vanquished.

Grand Total: 59 creatures vanquished

Notes
Turn   | Place    | Note
-------+----------+-------------------------------------------
     0 | D:1      | theswoord the Demonspawn Gladiator began the quest for the
                  | Orb.
     0 | D:1      | Reached XP level 1. HP: 16/16 MP: 1/1
    65 | D:1      | Reached skill level 3 in Staves
   192 | D:1      | Gained mutation: Your demonic aura sometimes causes spilled
                  | blood to erupt in flames. [demonic ancestry]
   192 | D:1      | Reached XP level 2. HP: 21/22 MP: 2/2
   989 | D:2      | Reached skill level 4 in Staves
   989 | D:2      | Gained mutation: You are partially covered in large bone
                  | plates. (SH +4) [demonic ancestry]
   989 | D:2      | Reached XP level 3. HP: 27/27 MP: 3/3
  1457 | D:2      | Reached XP level 4. HP: 33/33 MP: 4/4
  1701 | D:3      | Noticed Sigmund
  1703 | D:3      | Gained mutation: You are strong-willed. (Will+) [potion of
                  | mutation]
  1703 | D:3      | Gained mutation: You passively map a small area around you.
                  | [potion of mutation]
  1703 | D:3      | Gained mutation: You sometimes lose your temper in combat.
                  | [potion of mutation]
  1843 | D:3      | Noticed Terence
  1859 | D:3      | Killed Terence
  2072 | D:3      | Reached skill level 5 in Staves
  2084 | D:3      | Gained mutation: Your touch may inflict minor irresistible
                  | damage on your foes. [demonic ancestry]
  2084 | D:3      | Reached XP level 5. HP: 15/38 MP: 5/5
  2339 | D:3      | Slain by a gnoll sergeant

Skill      XL: |  1  2  3  4 |
---------------+-------------+-----
Staves         | 3 4 5 |  5.3
Fighting       | |  2.0
Throwing       | |  1.7
Dodging        | |  2.6

Action                   |  1- 3 |  4- 6 || total
-------------------------+-------+-------++-------
Melee: Quarterstaff      |   115 |    54 ||   169
Throw: Throwing net      |       |     2 ||     2
  Use: Scroll            |       |     5 ||     5
       Potion            |       |     3 ||     3
 Stab: Sleeping          |     1 |       ||     1
       Held in net/web   |       |     1 ||     1
Armor: Leather armour    |    27 |       ||    27
       Scale mail        |    21 |     3 ||    24
       Ring mail         |       |     4 ||     4
Dodge: Dodged            |    99 |    15 ||   114
Block: Other             |    18 |    12 ||    30

Levels and vault maps discovered:
D:1:      dpeg_arrival_simpleton_c, layout_rooms, serial_aquarium,
          aquarium_bridge_straight [aquarium_subvault_bridge,
          aquarium_subvault_wall, aquarium_subvault_bridge,
          aquarium_subvault_window], aquarium_window_1, aquarium_window_2,
          aquarium_view_2c, aquarium_view_2e, dk_noncrumbling_4
D:2:      layout_basic
D:3:      layout_loops_ring, vehumet_altar_wand_db, marbit_many_paths,
          biasface_ghost_orc_armoury,
          dreamdust_ecumenical_altar_angels_and_demons, serial_bayou_pond_a,
          uniq_sigmund, uniq_terence
